[Event "21st Sants Open 2019"]
[Site "Cotxeres de Sants"]
[Date "2019.08.25"]
[Round "3.6"]
[White "Hernandez, Cristian Andres"]
[Black "Puranik, Abhimanyu"]
[Result "0-1"]
[ECO "A05"]
[WhiteElo "2362"]
[BlackElo "2550"]
[Annotator "ChessBase"]
[PlyCount "78"]
[EventDate "2019.08.22"]
[EventType "swiss"]
[EventCountry "ESP"]
[SourceTitle "playchess.com"]
[Source "ChessBase"]
[SourceQuality "1"]
[TimeControl "40/5400+30:1800+30"]

1. Nf3 Nf6 2. c4 g6 3. Nc3 d5 4. cxd5 Nxd5 5. Qb3 Nb6 6. d4 Bg7 7. Bf4 Be6 8. Qa3 c5 9. d5 Nxd5 10. Rd1 Bxc3+ 11. bxc3 Qb6 12. Bh6 Nc6 13. e4 Nf6 14. Ng5 Ng4 15. Nxe6 fxe6 16. Bc1 O-O 17. f3 c4 18. Rd2 Nge5 19. Rb2 Qc7 20. Qa4 Na5 21. Rb5 b6 22. Qc2 Rad8 23. Rxe5 Qxe5 24. Be3 b5 25. Be2 Nb7 26. O-O Nc5 27. Rb1 a6 28. Bf1 Rd7 29. Be2 Nd3 30. Rd1 Rfd8 31. Rb1 a5 32. Kh1 Rc8 33. a3 Rb8 34. Rd1 Rbd8 35. Rb1 Qd6 36. Rxb5 Qxa3 37. h4 Ne1 38. Qc1 Qxc1 39. Bxc1 Rd1 0-1

[Event "21st Sants Open 2019"]
[Site "Cotxeres de Sants"]
[Date "2019.08.25"]
[Round "3.7"]
[White "Antal, Gergely"]
[Black "Dedebas, Emre Emin"]
[Result "1/2-1/2"]
[ECO "C26"]
[WhiteElo "2549"]
[BlackElo "2346"]
[Annotator "ChessBase"]
[PlyCount "119"]
[EventDate "2019.08.22"]
[EventType "swiss"]
[EventCountry "ESP"]
[SourceTitle "playchess.com"]
[Source "ChessBase"]
[SourceQuality "1"]
[TimeControl "40/5400+30:1800+30"]

1. e4 e5 2. Nc3 Nf6 3. g3 Bc5 4. Bg2 O-O 5. Nge2 Re8 6. O-O Nc6 7. d3 Nd4 8. Nxd4 Bxd4 9. h3 c6 10. g4 h6 11. Ne2 Bc5 12. Ng3 d5 13. Qf3 dxe4 14. dxe4 Nh7 15. Nf5 Bxf5 16. exf5 e4 17. Qb3 Qc7 18. Re1 Nf6 19. Be3 Bxe3 20. Rxe3 Re7 21. Rae1 Rae8 22. R3e2 Qa5 23. a3 Qc7 24. Kf1 Re5 25. Qg3 Qb6 26. b3 Qa6 27. a4 e3 28. f3 Qa5 29. f4 Rc5 30. c4 b5 31. cxb5 cxb5 32. Rxe3 Rxe3 33. Qxe3 bxa4 34. bxa4 Rc8 35. Qb3 Qc5 36. Bf3 Qd4 37. Qe3 Qxa4 38. g5 Re8 39. Qd2 Rxe1+ 40. Kxe1 hxg5 41. fxg5 Qh4+ 42. Ke2 Qc4+ 43. Qd3 Qxd3+ 44. Kxd3 Nd7 45. Kd4 Kf8 46. Bc6 Ke7 47. h4 Nf8 48. Kd5 Nh7 49. Ba4 Nf8 50. Bb5 Nh7 51. Kc6 g6 52. Bd3 gxf5 53. Bxf5 Nf8 54. h5 a5 55. Kb5 Kd6 56. Kxa5 Ke5 57. Bb1 Kf4 58. g6 fxg6 59. hxg6 Nxg6 60. Bxg6 1/2-1/2

[Event "21st Sants Open 2019"]
[Site "Cotxeres de Sants"]
[Date "2019.08.25"]
[Round "3.8"]
[White "Vidarte Morales, Arturo"]
[Black "Gordon, Stephen J"]
[Result "1/2-1/2"]
[ECO "A04"]
[WhiteElo "2355"]
[BlackElo "2520"]
[Annotator "ChessBase"]
[PlyCount "103"]
[EventDate "2019.08.22"]
[EventType "swiss"]
[EventCountry "ESP"]
[SourceTitle "playchess.com"]
[Source "ChessBase"]
[SourceQuality "1"]
[TimeControl "40/5400+30:1800+30"]

1. Nf3 e6 2. g3 b5 3. Bg2 Bb7 4. O-O c5 5. d3 Nf6 6. e4 d6 7. Qe2 Be7 8. Na3 a6 9. c3 O-O 10. Nc2 Nbd7 11. Nd2 e5 12. Ne3 g6 13. c4 Re8 14. b3 Bf8 15. Bb2 Bh6 16. Rfd1 Nb8 17. Nd5 Nc6 18. Nf1 Nxd5 19. cxd5 Nd4 20. Bxd4 cxd4 21. a4 Qb6 22. Bh3 Bc8 23. Bxc8 Rexc8 24. b4 a5 25. Rdb1 Rcb8 26. Qe1 Kg7 27. bxa5 Rxa5 28. axb5 Rxa1 29. Rxa1 Qxb5 30. Qe2 Rb7 31. h4 Rc7 32. Qf3 Bc1 33. Kg2 h5 34. Ra8 Qd7 35. Ra6 Bh6 36. Rb6 Rc3 37. Ra6 Qg4 38. Qxg4 hxg4 39. Rxd6 Rxd3 40. Ra6 Rb3 41. d6 Rb7 42. Ra5 Rd7 43. Rd5 Kf6 44. Nh2 Ke6 45. Nxg4 Bg7 46. f3 f5 47. Nf2 Bf8 48. Nh3 Bh6 49. Nf2 Bf8 50. Nh3 Bh6 51. Nf2 Bf8 52. Nh3 1/2-1/2

[Event "21st Sants Open 2019"]
[Site "Cotxeres de Sants"]
[Date "2019.08.25"]
[Round "3.9"]
[White "Krysa, Leandro"]
[Black "Guerra Rivera, Salvador"]
[Result "1-0"]
[ECO "A16"]
[WhiteElo "2516"]
[BlackElo "2344"]
[Annotator "ChessBase"]
[PlyCount "47"]
[EventDate "2019.08.22"]
[EventType "swiss"]
[EventCountry "ESP"]
[SourceTitle "playchess.com"]
[Source "ChessBase"]
[SourceQuality "1"]
[TimeControl "40/5400+30:1800+30"]

1. c4 Nf6 2. Nc3 e5 3. Nf3 d6 4. g3 g6 5. Bg2 Bg7 6. d4 Nbd7 7. O-O O-O 8. b3 exd4 9. Nxd4 Re8 10. Qc2 a5 11. Ba3 Nc5 12. Rad1 Nfd7 13. Ndb5 Ne6 14. Rd2 Ndc5 15. e4 Na6 16. Bb2 Nec5 17. Qd1 f5 18. Re1 fxe4 19. Nxe4 Bxb2 20. Rxb2 Bf5 21. Nxc5 Rxe1+ 22. Qxe1 Nxc5 23. Bd5+ Kh8 24. Qc3+ 1-0

[Event "21st Sants Open 2019"]
[Site "Cotxeres de Sants"]
[Date "2019.08.25"]
[Round "3.10"]
[White "Salinas Herrera, Pablo"]
[Black "Vergara Jofre, Felipe"]
[Result "1-0"]
[ECO "C84"]
[WhiteElo "2506"]
[BlackElo "2339"]
[Annotator "ChessBase"]
[PlyCount "55"]
[EventDate "2019.08.22"]
[EventType "swiss"]
[EventCountry "ESP"]
[SourceTitle "playchess.com"]
[Source "ChessBase"]
[SourceQuality "1"]
[TimeControl "40/5400+30:1800+30"]

1. e4 e5 2. Nf3 Nc6 3. Bb5 a6 4. Ba4 Nf6 5. O-O Be7 6. d3 b5 7. Bb3 d6 8. a3 O-O 9. Nc3 Rb8 10. Be3 Na5 11. Ba2 c5 12. Nd5 c4 13. Nxe7+ Qxe7 14. Qe1 Qc7 15. Bg5 Be6 16. Bxf6 gxf6 17. Nh4 d5 18. exd5 Bxd5 19. Qd2 Be6 20. Qh6 Nc6 21. Rae1 Qd8 22. dxc4 bxc4 23. Bxc4 Ne7 24. Bd3 Ng6 25. Bxg6 fxg6 26. Nxg6 Re8 27. Nh4 Kh8 28. Rd1 1-0

[Event "21st Sants Open 2019"]
[Site "Cotxeres de Sants"]
[Date "2019.08.25"]
[Round "3.11"]
[White "Garcia Ramos, Daniel"]
[Black "Harsha Bharathakoti"]
[Result "1-0"]
[ECO "B54"]
[WhiteElo "2348"]
[BlackElo "2489"]
[Annotator "ChessBase"]
[PlyCount "99"]
[EventDate "2019.08.22"]
[EventType "swiss"]
[EventCountry "ESP"]
[SourceTitle "playchess.com"]
[Source "ChessBase"]
[SourceQuality "1"]
[TimeControl "40/5400+30:1800+30"]

1. e4 c5 2. Nf3 d6 3. d4 cxd4 4. Nxd4 Nf6 5. f3 e5 6. Nb3 d5 7. Bg5 d4 8. c3 Nc6 9. Bb5 h6 10. Bh4 Qb6 11. a4 Be6 12. N1d2 dxc3 13. bxc3 Be7 14. Bf2 Qc7 15. O-O O-O 16. Qe2 Nb8 17. Bc4 Bxc4 18. Nxc4 Nbd7 19. Rfb1 Rfc8 20. Nbd2 Bc5 21. a5 Rab8 22. Ra2 b5 23. axb6 Nxb6 24. Ne3 Nbd7 25. Rba1 Kh7 26. g3 Rb7 27. Kg2 g6 28. Ra6 Kg7 29. R1a2 Rcb8 30. Ndc4 Rb3 31. Nd5 Nxd5 32. exd5 Bxf2 33. Rc6 Qd8 34. Qxf2 Nb6 35. Nxe5 Qxd5 36. Rc5 Qd6 37. Rd2 Qe6 38. Qd4 Kh7 39. Rc7 Rf8 40. Qd6 Qxd6 41. Rxd6 Kg8 42. c4 Rc3 43. f4 h5 44. Kh3 Rc2 45. Rdc6 Ra2 46. Rf6 Rc2 47. Rfc6 Ra2 48. Rb7 Nc8 49. c5 Re8 50. Rcc7 1-0

[Event "21st Sants Open 2019"]
[Site "Cotxeres de Sants"]
[Date "2019.08.25"]
[Round "3.12"]
[White "Arjun Kalyan"]
[Black "Vehi Bach, Victor Manuel"]
[Result "1-0"]
[ECO "B81"]
[WhiteElo "2482"]
[BlackElo "2331"]
[Annotator "ChessBase"]
[PlyCount "39"]
[EventDate "2019.08.22"]
[EventType "swiss"]
[EventCountry "ESP"]
[SourceTitle "playchess.com"]
[Source "ChessBase"]
[SourceQuality "1"]
[TimeControl "40/5400+30:1800+30"]

1. e4 c5 2. Nf3 e6 3. d4 cxd4 4. Nxd4 Nf6 5. Nc3 d6 6. g4 h6 7. Rg1 Nc6 8. Be3 a6 9. Nxc6 bxc6 10. Qf3 Be7 11. O-O-O d5 12. h4 Qa5 13. g5 hxg5 14. hxg5 Nd7 15. exd5 cxd5 16. Bd4 Bb7 17. Bh3 Rxh3 18. Qxh3 e5 19. Qh8+ Bf8 20. Bxe5 1-0

[Event "21st Sants Open 2019"]
[Site "Cotxeres de Sants"]
[Date "2019.08.25"]
[Round "3.13"]
[White "Aizpurua, Patrick"]
[Black "Harika, Dronavalli"]
[Result "0-1"]
[ECO "E62"]
[WhiteElo "2261"]
[BlackElo "2495"]
[Annotator "ChessBase"]
[PlyCount "106"]
[EventDate "2019.08.22"]
[EventType "swiss"]
[EventCountry "ESP"]
[SourceTitle "playchess.com"]
[Source "ChessBase"]
[SourceQuality "1"]
[TimeControl "40/5400+30:1800+30"]

1. d4 Nf6 2. c4 g6 3. g3 Bg7 4. Bg2 O-O 5. Nf3 d6 6. O-O Nc6 7. Nc3 Bg4 8. h3 Bxf3 9. Bxf3 Nd7 10. e3 e5 11. Rb1 f5 12. dxe5 dxe5 13. Bxc6 bxc6 14. e4 f4 15. Qg4 Qe8 16. gxf4 Nf6 17. Qg2 Nh5 18. fxe5 Qxe5 19. Ne2 Rae8 20. Be3 Qxe4 21. Qxe4 Rxe4 22. b3 a5 23. Rbd1 a4 24. Rd7 axb3 25. axb3 Be5 26. Rfd1 Bd6 27. c5 Be5 28. Kg2 Nf6 29. Rd8 Nd5 30. Rxf8+ Kxf8 31. Bh6+ Kf7 32. Nc1 Bf6 33. Bd2 Rd4 34. Ne2 Rd3 35. Nc1 Nf4+ 36. Kf1 Rd8 37. Ke1 Nxh3 38. Be3 Rxd1+ 39. Kxd1 Ng5 40. Nd3 Ne6 41. Ke2 Bd4 42. b4 Bc3 43. Kf3 Kf6 44. Kg2 Kf5 45. f3 g5 46. Kf1 h5 47. Kg2 Nf8 48. Bf2 Ng6 49. Be1 Bxe1 50. Nxe1 Nf4+ 51. Kf2 Ke5 52. Nc2 h4 53. Ne3 Nd3+ 0-1

[Event "21st Sants Open 2019"]
[Site "Cotxeres de Sants"]
[Date "2019.08.25"]
[Round "3.14"]
[White "Gines Esteo, Pedro Antonio"]
[Black "Yordanov	, Lachezar"]
[Result "1-0"]
[ECO "A14"]
[WhiteElo "2417"]
[BlackElo "2281"]
[Annotator "NA"]
[PlyCount "71"]
[EventDate "2019.08.22"]
[EventType "swiss"]
[EventCountry "ESP"]
[SourceTitle "playchess.com"]
[Source "ChessBase"]
[SourceQuality "1"]
[TimeControl "40/5400+30:1800+30"]

1. Nf3 Nf6 2. g3 d5 3. Bg2 e6 4. O-O Be7 5. c4 O-O 6. b3 c5 7. Bb2 Nc6 8. e3 b6 9. Nc3 Bb7 10. cxd5 Nxd5 11. Nxd5 Qxd5 12. Ne5 Qd6 13. Nc4 Qd7 14. Qg4 f6 15. d4 cxd4 16. exd4 Nd8 17. d5 Bxd5 18. Rad1 Qc8 19. Rxd5 exd5 20. Bxd5+ Nf7 21. Qh5 Bc5 22. Re1 Qc7 23. Re4 Kh8 24. Rh4 Ng5 25. Ne5 fxe5 26. Qxg5 Bxf2+ 27. Kh1 Qc2 28. Be4 Qd1+ 29. Kg2 Qg1+ 30. Kh3 Qf1+ 31. Bg2 Qd3 32. Qxe5 Qd7+ 33. Rg4 Rf5 34. Qxg7+ Qxg7 35. Rxg7 Raf8 36. Rg6+ 1-0

[Event "21st Sants Open 2019"]
[Site "Cotxeres de Sants"]
[Date "2019.08.25"]
[Round "3.15"]
[White "Rodriguez Regull, German"]
[Black "Ruiz Soria, Adria"]
[Result "0-1"]
[ECO "C02"]
[WhiteElo "1944"]
[BlackElo "1862"]
[Annotator "NA"]
[PlyCount "94"]
[EventDate "2019.08.22"]
[EventType "swiss"]
[EventCountry "ESP"]
[SourceTitle "playchess.com"]
[Source "ChessBase"]
[SourceQuality "1"]
[TimeControl "40/5400+30:1800+30"]

1. e4 e6 2. d4 d5 3. e5 c5 4. dxc5 Nc6 5. Nf3 Bxc5 6. Bd3 f6 7. Qe2 fxe5 8. Nxe5 Nxe5 9. Qxe5 Nf6 10. O-O O-O 11. Qe2 Qb6 12. Nd2 e5 13. Qxe5 Ng4 14. Qxd5+ Kh8 15. Ne4 Bxf2+ 16. Kh1 Be6 17. Qd6 Qxd6 18. Nxd6 Bd4 19. Rxf8+ Rxf8 20. Ne4 Bd5 21. h3 Bxe4 22. hxg4 Bxd3 23. cxd3 Rf1+ 24. Kh2 Be3 25. Bxe3 Rxa1 26. Bxa7 Rxa2 27. Bd4 Ra4 28. Bc3 Rxg4 29. Kg1 Kg8 30. Kf2 Kf7 31. Kf3 h5 32. Be5 Ke6 33. d4 Kd5 34. g3 g6 35. Ke3 Re4+ 36. Kd3 Rxe5 37. dxe5 Kxe5 38. Ke3 g5 39. Kf3 b5 40. Ke3 h4 41. g4 h3 42. Kf3 h2 43. Kg2 Kf4 44. Kxh2 Kxg4 45. Kg2 b4 46. b3 Kf4 47. Kf2 Ke4 0-1

[Event "21st Sants Open 2019"]
[Site "Cotxeres de Sants"]
[Date "2019.08.25"]
[Round "3.16"]
[White "Morais Carreras, Javier"]
[Black "Oliva Llorens, Antoni"]
[Result "1-0"]
[ECO "B40"]
[WhiteElo "1939"]
[BlackElo "1820"]
[Annotator "NA"]
[PlyCount "76"]
[EventDate "2019.08.22"]
[EventType "swiss"]
[EventCountry "ESP"]
[SourceTitle "playchess.com"]
[Source "ChessBase"]
[SourceQuality "1"]
[TimeControl "40/5400+30:1800+30"]

1. e4 c5 2. Nf3 e6 3. d3 Nc6 4. g3 Nge7 5. Bg2 g6 6. O-O Bg7 7. Re1 d6 8. c3 O-O 9. d4 Rb8 10. Be3 b6 11. Qd2 Bb7 12. Bh6 d5 13. e5 Bxh6 14. Qxh6 Nf5 15. Qf4 Qe7 16. Nbd2 cxd4 17. cxd4 Qb4 18. Nb3 a5 19. g4 a4 20. gxf5 f6 21. fxg6 fxe5 22. Qh6 Qe7 23. Qxh7+ Qxh7 24. gxh7+ Kh8 25. Nbd2 e4 26. Ne5 Nxe5 27. dxe5 Rf5 28. Rac1 Rbf8 29. Rc7 Ba6 30. f3 exf3 31. Nxf3 Rxf3 32. Bxf3 Rxf3 33. Re7 Bc4 34. Rxe6 d4 35. Rd6 d3 36. e6 Rf8 37. e7 Re8 38. Rd8 Bb5 1-0

[Event "21st Sants Open 2019"]
[Site "Cotxeres de Sants"]
[Date "2019.08.25"]
[Round "3.17"]
[White "Carmona Huertas, Juan Antonio"]
[Black "Romeu Perulles, Jaume"]
[Result "1-0"]
[ECO "C42"]
[WhiteElo "1930"]
[BlackElo "1813"]
[Annotator "NA"]
[PlyCount "87"]
[EventDate "2019.08.22"]
[EventType "swiss"]
[EventCountry "ESP"]
[SourceTitle "playchess.com"]
[Source "ChessBase"]
[SourceQuality "1"]
[TimeControl "40/5400+30:1800+30"]

1. e4 e5 2. Nf3 Nf6 3. Nxe5 d6 4. Nf3 Nxe4 5. Nc3 Nxc3 6. dxc3 Be7 7. Be3 O-O 8. Qd2 c6 9. O-O-O a5 10. h4 Nd7 11. Kb1 Ne5 12. h5 b5 13. h6 g6 14. Bf4 Nxf3 15. gxf3 d5 16. Qd4 Bf6 17. Be5 Bxe5 18. Qxe5 f6 19. Qd4 Be6 20. Qc5 Qc7 21. Bxb5 Rfc8 22. Rhe1 Qd7 23. Bd3 a4 24. Re3 Re8 25. Qd4 Qf7 26. Rde1 Bd7 27. c4 a3 28. Qc5 Rxe3 29. Rxe3 Re8 30. Qxa3 dxc4 31. Be2 Rxe3 32. fxe3 Be6 33. Qa8+ Qf8 34. Qxc6 Qe7 35. Bxc4 Bxc4 36. Qxc4+ Kf8 37. Qc8+ Kf7 38. Qc4+ Kf8 39. Qd4 g5 40. a4 Kf7 41. Qd3 Kg8 42. a5 Qb4 43. Qb3+ Qxb3 44. cxb3 1-0

[Event "21st Sants Open 2019"]
[Site "Cotxeres de Sants"]
[Date "2019.08.25"]
[Round "3.18"]
[White "Salvador Gomez, Jesus Francisco"]
[Black "Cabrera Marmol, Manuel"]
[Result "0-1"]
[ECO "A20"]
[WhiteElo "1639"]
[BlackElo "1537"]
[Annotator "NA"]
[PlyCount "158"]
[EventDate "2019.08.22"]
[EventType "swiss"]
[EventCountry "ESP"]
[SourceTitle "playchess.com"]
[Source "ChessBase"]
[SourceQuality "1"]
[TimeControl "40/5400+30:1800+30"]

1. c4 e5 2. g3 Nf6 3. Bg2 d5 4. cxd5 Nxd5 5. Nc3 Nb6 6. e3 c6 7. Nge2 Bg4 8. O-O Be7 9. f3 Be6 10. b3 Qd7 11. d4 exd4 12. Qxd4 Bf6 13. Qd2 Na6 14. Qxd7+ Bxd7 15. Bb2 O-O-O 16. Rab1 Be6 17. Na4 Nxa4 18. Bxf6 gxf6 19. bxa4 Bxa2 20. Rb2 Be6 21. Nd4 c5 22. Rc1 Kb8 23. Nxe6 fxe6 24. f4 Rd7 25. Bf1 Rd6 26. Bxa6 Rxa6 27. Rxc5 Rxa4 28. Rcb5 b6 29. Kf2 Rc8 30. Rh5 Rc7 31. Rh6 Rf7 32. Ke2 Rc4 33. Rh5 Rc6 34. e4 Rfc7 35. Rhb5 Kb7 36. Kf3 Rc5 37. h4 h5 38. Rxc5 Rxc5 39. Rd2 Rc3+ 40. Kg2 Kc7 41. e5 fxe5 42. Re2 exf4 43. gxf4 Kd6 44. Rd2+ Ke7 45. Re2 Kf6 46. Rb2 Kf5 47. Rb5+ Kxf4 48. Rxh5 e5 49. Rh6 e4 50. h5 Kg5 51. Re6 Kxh5 52. Rxe4 Kg5 53. Rb4 Kf5 54. Rb2 Ke4 55. Ra2 a5 56. Kf2 Kd4 57. Ke2 Kc4 58. Kd2 Rh3 59. Rc2+ Kb4 60. Rc6 Kb5 61. Re6 a4 62. Kc2 Ka5 63. Kb2 b5 64. Re5 a3+ 65. Ka2 Ka4 66. Rd5 b4 67. Rd4 Rh2+ 68. Ka1 Kb3 69. Rd1 Kc2 70. Rb1 b3 71. Rc1+ Kd3 72. Rd1+ Kc3 73. Rf1 Ra2+ 74. Kb1 Rd2 75. Ka1 Rc2 76. Rf3+ Kb4 77. Rf4+ Rc4 78. Rf1 a2 79. Rd1 Ka3 0-1

[Event "21st Sants Open 2019"]
[Site "Cotxeres de Sants"]
[Date "2019.08.25"]
[Round "3.19"]
[White "Serentill Tost, Eduard"]
[Black "Sanchez Viana, Jordi"]
[Result "1/2-1/2"]
[ECO "B23"]
[WhiteElo "1621"]
[BlackElo "1535"]
[Annotator "NA"]
[PlyCount "143"]
[EventDate "2019.08.22"]
[EventType "swiss"]
[EventCountry "ESP"]
[SourceTitle "playchess.com"]
[Source "ChessBase"]
[SourceQuality "1"]
[TimeControl "40/5400+30:1800+30"]

1. e4 c5 2. Nc3 d6 3. f4 e6 4. Nf3 Nc6 5. Bc4 Nf6 6. d3 Be7 7. O-O a6 8. a3 b5 9. Ba2 Rb8 10. Qe1 O-O 11. h3 b4 12. Ne2 bxa3 13. bxa3 a5 14. Ng3 h6 15. e5 dxe5 16. Nxe5 Nxe5 17. fxe5 Qd4+ 18. Be3 Qxe5 19. Qf2 Nd5 20. Bxd5 Qxd5 21. Ne4 Rb2 22. Bxc5 Bxc5 23. Nxc5 Bd7 24. Nxd7 Qxd7 25. Rab1 Rfb8 26. Rxb2 Rxb2 27. Qc5 Rb5 28. Qc3 Rg5 29. Rf4 e5 30. Rf3 e4 31. dxe4 Qd1+ 32. Rf1 Qe2 33. Qf3 Qc4 34. Qb3 Qd4+ 35. Rf2 Qd1+ 36. Kh2 Qd6+ 37. g3 Qg6 38. Qd3 Qb6 39. Qf3 Qe6 40. Qb3 Qxe4 41. Qxf7+ Kh7 42. Qb3 Rg6 43. Qd3 Qe5 44. Re2 Qf6 45. Kg2 Qc6+ 46. Qe4 Qc5 47. a4 Qg5 48. Re3 h5 49. h4 Qg4 50. Qxg4 Rxg4 51. Re5 Rxa4 52. Rxh5+ Kg6 53. Rc5 Ra2 54. g4 a4 55. Rc6+ Kf7 56. Kf3 a3 57. Ra6 Ra1 58. Ke2 a2 59. Kd2 Rg1 60. Rxa2 Rxg4 61. Kd3 Rxh4 62. c4 g5 63. Re2 Rf4 64. c5 Rf6 65. Kd4 Re6 66. Rg2 Kf6 67. Kd5 Re1 68. Kd6 Rd1+ 69. Kc7 Kf5 70. c6 g4 71. Rb2 g3 72. Kb8 1/2-1/2

[Event "21st Sants Open 2019"]
[Site "Cotxeres de Sants"]
[Date "2019.08.26"]
[Round "4.2"]
[White "Puranik, Abhimanyu"]
[Black "Harikrishnan.A.Ra"]
[Result "1-0"]
[ECO "C50"]
[WhiteElo "2550"]
[BlackElo "2411"]
[Annotator "ChessBase"]
[PlyCount "85"]
[EventDate "2019.08.22"]
[EventType "swiss"]
[EventCountry "ESP"]
[SourceTitle "playchess.com"]
[Source "ChessBase"]
[SourceQuality "1"]
[TimeControl "40/5400+30:1800+30"]

1. e4 e5 2. Nf3 Nc6 3. Bc4 Bc5 4. O-O Nf6 5. d3 O-O 6. h3 h6 7. Re1 d6 8. c3 a6 9. a4 Ba7 10. Nbd2 Ne7 11. Nf1 Ng6 12. Ng3 Re8 13. Bb3 Be6 14. d4 exd4 15. cxd4 c5 16. d5 Bd7 17. a5 b5 18. axb6 Bxb6 19. Bc4 Bb5 20. b3 Ba5 21. Re3 Nd7 22. Bb2 Rb8 23. Bxb5 Rxb5 24. Nf5 Nf6 25. Ra4 Bb6 26. Rc4 Kh7 27. g3 Rb4 28. Qa1 Bc7 29. Rxb4 cxb4 30. Qxa6 Nxe4 31. Nxg7 Bb6 32. Re2 Re7 33. Nh5 Ra7 34. Qc4 f5 35. Rxe4 fxe4 36. Nf6+ Kg7 37. Qxe4 Rf7 38. Ng4+ Kh7 39. Nh4 Qg5 40. Kg2 h5 41. Bc1 Re7 42. Bxg5 Rxe4 43. Nf6+ 1-0

[Event "21st Sants Open 2019"]
[Site "Cotxeres de Sants"]
[Date "2019.08.26"]
[Round "4.3"]
[White "Sanchez, Sebastian Felipe"]
[Black "Krysa, Leandro"]
[Result "0-1"]
[ECO "C70"]
[WhiteElo "2405"]
[BlackElo "2516"]
[Annotator "ChessBase"]
[PlyCount "62"]
[EventDate "2019.08.22"]
[EventType "swiss"]
[EventCountry "ESP"]
[SourceTitle "playchess.com"]
[Source "ChessBase"]
[SourceQuality "1"]
[TimeControl "40/5400+30:1800+30"]

1. e4 e5 2. Nf3 Nc6 3. Bb5 a6 4. Ba4 Nge7 5. O-O g6 6. c3 Bg7 7. d4 exd4 8. cxd4 b5 9. Bb3 O-O 10. Nc3 Na5 11. Bc2 d6 12. h3 c5 13. Rb1 cxd4 14. Nxd4 Bb7 15. Bg5 Rc8 16. Re1 Re8 17. a4 Qb6 18. Be3 Nc4 19. axb5 Nxe3 20. fxe3 axb5 21. Ndxb5 d5 22. Bb3 Rcd8 23. Bxd5 Nxd5 24. exd5 Ba6 25. Qa4 Rb8 26. Nc7 Rxe3 27. Kh1 Bd3 28. Rxe3 Qxe3 29. Rd1 Be5 30. Na6 Qg3 31. Kg1 Qh2+ 0-1

[Event "21st Sants Open 2019"]
[Site "Cotxeres de Sants"]
[Date "2019.08.26"]
[Round "4.4"]
[White "Domingo Nunez, Alejandro"]
[Black "Salinas Herrera, Pablo"]
[Result "1/2-1/2"]
[ECO "C50"]
[WhiteElo "2392"]
[BlackElo "2506"]
[Annotator "ChessBase"]
[PlyCount "78"]
[EventDate "2019.08.22"]
[EventType "swiss"]
[EventCountry "ESP"]
[SourceTitle "playchess.com"]
[Source "ChessBase"]
[SourceQuality "1"]
[TimeControl "40/5400+30:1800+30"]

1. e4 e5 2. Nf3 Nc6 3. Bc4 Nf6 4. d3 Bc5 5. c3 O-O 6. a4 a5 7. O-O d6 8. Bg5 h6 9. Bh4 g5 10. Bg3 Ba7 11. Nbd2 Kg7 12. Bb3 g4 13. Nh4 Nh5 14. Nc4 Qg5 15. Qd2 Qxd2 16. Nxd2 Ne7 17. Nc4 f5 18. exf5 Nxg3 19. hxg3 Nxf5 20. Nxf5+ Bxf5 21. Rad1 Bd7 22. Nxa5 h5 23. d4 exd4 24. cxd4 Rae8 25. Rd2 Re4 26. Rfd1 Rfe8 27. Kf1 b6 28. Nc4 b5 29. axb5 Bxb5 30. Kg1 Re1+ 31. Rxe1 Rxe1+ 32. Kh2 Bxc4 33. Bxc4 Re4 34. b3 Rxd4 35. Rxd4 Bxd4 36. Kg1 h4 37. gxh4 g3 38. Kf1 Bxf2 39. Ke2 Kf6 1/2-1/2

[Event "21st Sants Open 2019"]
[Site "Cotxeres de Sants"]
[Date "2019.08.26"]
[Round "4.5"]
[White "Lopez Gonzalez, Abel Fabian"]
[Black "Arjun Kalyan"]
[Result "0-1"]
[ECO "D31"]
[WhiteElo "2370"]
[BlackElo "2482"]
[Annotator "ChessBase"]
[PlyCount "108"]
[EventDate "2019.08.22"]
[EventType "swiss"]
[EventCountry "ESP"]
[SourceTitle "playchess.com"]
[Source "ChessBase"]
[SourceQuality "1"]
[TimeControl "40/5400+30:1800+30"]

1. d4 d5 2. c4 e6 3. Nc3 Be7 4. cxd5 exd5 5. Bf4 Nf6 6. e3 Bf5 7. Qb3 Nc6 8. Qxb7 Nb4 9. Rc1 O-O 10. Qxc7 Qxc7 11. Bxc7 Rac8 12. Bg3 Ne4 13. a3 Nxc3 14. Rxc3 Na2 15. Rxc8 Rxc8 16. Ne2 a5 17. e4 Bxe4 18. f3 Bf5 19. Bf4 Rc2 20. Bd2 Rxb2 21. Bxa5 Bxa3 22. Ng3 Bd7 23. Be2 Bd6 24. Kf2 Bb5 25. Re1 Bf4 26. Nh5 Bxh2 27. f4 f5 28. Kf3 Rb3+ 29. Kf2 g6 30. Bxb5 Rxb5 31. Nf6+ Kf7 32. Bd8 Rb8 33. Nxh7 Rxd8 34. Ng5+ Kg8 35. g3 Rb8 36. Kg2 Rb2+ 37. Kh3 Nc3 38. Rh1 Ne2 39. Kxh2 Nxf4+ 40. Kg1 Rg2+ 41. Kf1 Rxg3 42. Rg1 Rxg1+ 43. Kxg1 Ne2+ 44. Kf2 Nxd4 45. Ke3 Nc6 46. Kf4 Kg7 47. Nf3 Kf6 48. Ng5 Nd8 49. Nh7+ Kg7 50. Ng5 Nf7 51. Ne6+ Kf6 52. Nc7 g5+ 53. Ke3 Ke5 54. Nb5 g4 0-1

[Event "21st Sants Open 2019"]
[Site "Cotxeres de Sants"]
[Date "2019.08.26"]
[Round "4.6"]
[White "Neef, Maximilian"]
[Black "Percivaldi, Martin"]
[Result "1-0"]
[ECO "A05"]
[WhiteElo "2481"]
[BlackElo "2391"]
[Annotator "ChessBase"]
[PlyCount "89"]
[EventDate "2019.08.22"]
[EventType "swiss"]
[EventCountry "ESP"]
[SourceTitle "playchess.com"]
[Source "ChessBase"]
[SourceQuality "1"]
[TimeControl "40/5400+30:1800+30"]

1. Nf3 Nf6 2. g3 b6 3. Bg2 Bb7 4. O-O g6 5. d4 Bg7 6. c4 e6 7. Bf4 O-O 8. Qc2 a5 9. Nc3 Na6 10. e4 d5 11. cxd5 exd5 12. e5 Ne4 13. Rad1 Nxc3 14. bxc3 Qd7 15. Rfe1 c6 16. h4 Nc7 17. Qb1 b5 18. h5 Rfe8 19. Ng5 Bc8 20. Bh3 Qd8 21. e6 Nxe6 22. Bxe6 Bxe6 23. hxg6 hxg6 24. Rxe6 Rxe6 25. Nxe6 fxe6 26. Qxg6 Qf6 27. Qg4 Qf5 28. Qe2 Kf7 29. Bc7 a4 30. g4 Qh7 31. Re1 Qh6 32. Qf3+ Bf6 33. Be5 Rh8 34. Kg2 Ke7 35. Bxf6+ Qxf6 36. Qg3 Kf7 37. a3 Rg8 38. Rh1 Qg6 39. Qc7+ Kf8 40. Qd6+ Kf7 41. Qc7+ Kf6 42. f3 Qc2+ 43. Kg3 Rxg4+ 44. fxg4 Qd3+ 45. Kh4 1-0

[Event "21st Sants Open 2019"]
[Site "Cotxeres de Sants"]
[Date "2019.08.26"]
[Round "4.7"]
[White "Berdayes Ason, Dylan Isidro"]
[Black "Valenzuela Gomez, Fernando"]
[Result "0-1"]
[ECO "B90"]
[WhiteElo "2458"]
[BlackElo "2388"]
[Annotator "ChessBase"]
[PlyCount "76"]
[EventDate "2019.08.22"]
[EventType "swiss"]
[EventCountry "ESP"]
[SourceTitle "playchess.com"]
[Source "ChessBase"]
[SourceQuality "1"]
[TimeControl "40/5400+30:1800+30"]

1. e4 c5 2. Nf3 d6 3. d4 cxd4 4. Nxd4 Nf6 5. Nc3 a6 6. Be3 e5 7. Nb3 Be7 8. f3 Be6 9. Qd2 O-O 10. O-O-O Nbd7 11. g4 Qc7 12. g5 Nh5 13. Kb1 b5 14. Nd5 Bxd5 15. exd5 Nb6 16. Na5 Nxd5 17. Qxd5 Qxa5 18. Rg1 Rac8 19. Bd3 g6 20. Rg4 Qc7 21. a4 Nf4 22. Bxf4 exf4 23. axb5 axb5 24. h4 Qa7 25. Rxf4 Rc5 26. Qb3 b4 27. Kc1 Rxg5 28. Rxb4 Qa1+ 29. Kd2 Rg2+ 30. Be2 Qa5 31. c3 Bxh4 32. Re4 Qf5 33. c4 Bg5+ 34. Kd3 Rd8 35. Kd4 Qc5+ 36. Kc3 Bf6+ 37. Kc2 d5 38. Qe3 Rxe2+ 0-1